 Seeded DCSS version 0.30-a0-857-gcaf70739d4 (webtiles) character file.

Game seed: 18242870539230726858 (custom seed)

63 bmack86 the Trooper (level 3, -2/33 HPs)
             Began as a Minotaur Fighter on Mar 6, 2023.
             Slain by Sigmund
             ... wielding a +0 scythe
              (4 damage)
             ... on level 2 of the Dungeon.
             The game lasted 00:02:44 (1104 turns).

bmack86 the Trooper (Minotaur Fighter)              Turns: 1104, Time: 00:02:45

Health: -2/33      AC: 10    Str: 22    XL:     3   Next: 87%
Magic:  2/2        EV:  9    Int:  5    God:
Gold:   114        SH:  4    Dex:  9    Spells: 2/2 levels left

rFire   . . .      SeeInvis .    a - +0 war axe
rCold   . . .      Faith    .    c - +0 buckler
rNeg    . . .      Spirit   .    b - +0 scale mail
rPois   +          Reflect  .    (helmet restricted)
rElec   .          Rampage  .    (no cloak)
rCorr   .                        (no gloves)
Will    .....                    k - +2 pair of boots {Fly} Stlth
                                 (no amulet)
HPRegen 0.25/turn                j - ring of poison resistance
MPRegen 0.08/turn                (no ring)

@: flying
A: horns 2, retaliatory headbutt
a: no special abilities


You were on level 2 of the Dungeon.
You visited 1 branch of the dungeon, and saw 2 of its levels.

You collected 134 gold pieces.
You spent 20 gold pieces at shops.

Inventory:

Hand Weapons
 a - a +0 war axe (weapon)
Armour
 b - a +0 scale mail (worn)
 c - a +0 buckler (worn)
 k - a +2 pair of boots of flying (worn)
Jewellery
 j - a ring of poison resistance (left hand)
Scrolls
 h - a scroll of vulnerability
 i - 2 scrolls of identify
Potions
 d - a potion of might
 e - 2 potions of attraction {unknown}
 f - a potion of degeneration {unknown}
 g - 2 potions of mutation {unknown}
 l - a potion of invisibility {unknown}


   Skills:
 + Level 4.2 Fighting
 * Level 3.7 Axes
 + Level 4.1 Armour
 + Level 4.1 Shields


You had 2 spell levels left.
You didn't know any spells.
Your spell library contained the following spells:

 Spells                   Type           Power      Damage    Failure   Level
 Magic Dart               Conj           0%         1d3       87%         1
 Call Imp                 Summ           0%         N/A       95%         2
 Mephitic Cloud           Conj/Pois/Air  0%         N/A       99%         3


Dungeon Overview and Level Annotations

Branches:
Dungeon (2/15)

Altars:

Shops:
D:1 ((*[*

Annotations:
D:2 Sigmund


Innate Abilities, Weirdness & Mutations

You have a pair of horns on your head.
You reflexively headbutt those who attack you in melee.


Message History

Sigmund is severely wounded.
Sigmund barely misses you.
A ball python comes into view.
You hit Sigmund but do no damage. Your headbutt misses Sigmund.
Sigmund is severely wounded.
Sigmund hits you with a +0 scythe!
You closely miss Sigmund.
Sigmund is severely wounded.
Sigmund hits you with a +0 scythe.
You hit Sigmund but do no damage. Your headbutt misses Sigmund.
Sigmund is severely wounded.
Sigmund casts a spell.
Sigmund flickers and vanishes!
Deactivating autopickup; reactivate with Ctrl-A.
A goblin comes into view. It is wielding a +0 club.
You miss something. Your headbutt misses something. You barely miss the goblin.
Something hits you but does no damage. The goblin hits you with a +0 club. x2
You barely miss something. Your headbutt misses something.
You barely miss the goblin.
You hear some strange, mumbled words.
A magic dart appears from out of thin air!
The magic dart hits you but does no damage.
The goblin hits you but does no damage.
You barely miss something. You miss the goblin. Something hits you.
The goblin closely misses you.
You miss something. You slash the goblin!
You kill the goblin!
You hear some strange, mumbled words.
A magic dart appears from out of thin air!
The magic dart hits you!
* * * LOW HITPOINT WARNING * * *
Something hits you.
* * * LOW HITPOINT WARNING * * *
You barely miss something. Something hits you but does no damage.
You barely miss something. You miss something.
Something hits you but does no damage.
You miss something. Something hits you.
* * * LOW HITPOINT WARNING * * *
You miss something. Something hits you.
You die...

## ..# ..# # ...#
#..## #...#
#$.S####....#
##{@#†## #..#)$.#
.b# #.###.## #...#
..#.#.#....#
#...#?###...##......
....#.#.###.#..##..
#..#...##..#..##.
#...# #†.........#
##..##†...#####.#


You could see a ball python.

Vanquished Creatures
  2 adders (D:2)
  A worm (D:2)
  A dart slug (D:1)
  A ball python (D:1)
  2 endoplasms
  4 giant cockroaches
  4 goblins
  3 hobgoblins
  6 bats
  11 frilled lizards (D:1)
  3 kobolds
  6 rats
44 creatures vanquished.

Vanquished Creatures (others)
  7 plants (D:1)
7 creatures vanquished.

Grand Total: 51 creatures vanquished

Notes
Turn   | Place    | Note
-------+----------+-------------------------------------------
     0 | D:1      | bmack86 the Minotaur Fighter began the quest for the Orb.
     0 | D:1      | Reached XP level 1. HP: 19/19 MP: 0/0
   243 | D:1      | Reached XP level 2. HP: 25/27 MP: 1/1
   244 | D:1      | Found Iczoal's Antique Armour Shop.
   357 | D:1      | Found Mapt's Weapon Shop.
   413 | D:1      | Found Ridunu's General Store.
   429 | D:1      | Bought a scroll of identify for 20 gold pieces
   529 | D:1      | Found Gaux's General Store.
   807 | D:1      | Found Mazynewu's Weapon Shoppe.
   922 | D:2      | Reached XP level 3. HP: 33/33 MP: 2/2
  1027 | D:2      | Identified the +0 leather armour of Xuytoo {rF++ rN+}
  1086 | D:2      | Noticed Sigmund
  1104 | D:2      | Slain by Sigmund

Illustrated notes

Levels and vault maps discovered:
D:1:      dpeg_arrival_stone_temple_mockup, layout_basic, serial_shops, shop,
          shop_statue, shop_statue, nicolae_shop_advertising_works
          [nicolae_subvault_shop_adworks], nicolae_shop_bloodbath_and_beyond,
          minmay_lizard_king
D:2:      layout_loops_ring, serial_shops, nicolae_lakefront_shop,
          minmay_pentomino_pile, uniq_sigmund

Skill      XL: |  1  2  3 |
---------------+----------+-----
Axes           | 3 |  3.7
Shields        | 4 |  4.1
Fighting       | 4 |  4.2
Armour         | 4 |  4.1

Action                     || total
---------------------------++-------
  Melee: War axe           ||    93
         Headbutt          ||     9
    Use: Scroll            ||     2
 Armour: Scale mail        ||    54
  Dodge: Dodged            ||    54
  Block: Buckler           ||    34

Table legend: (Time is in decaauts)
 A = Elapsed time spent in this place.
 B = Non-inter-level travel time spent in this place.
 C = Inter-level travel time spent in this place.
 D = Time resting spent in this place.
 E = Time spent auto-exploring this place.
 F = Levels seen in this place.
 G = Mean time per level.
                   A        B        C        D        E       F      G
               +--------+--------+--------+--------+--------+-----+--------+
         Total |   1137 |   1137 |      0 |      0 |    763 |   2 |  568.5 |
       Dungeon |   1137 |   1137 |      0 |      0 |    763 |   2 |  568.5 |
               +--------+--------+--------+--------+--------+-----+--------+

Top non-repeatable levels by time:
     D:1: 935 daAuts
     D:2: 202 daAuts
